 Dungeon Crawl Stone Soup version 0.29-a0-418-gc0181ea820 (webtiles) character file.

Game seed: 4547295564637915993

298 HendSelp the Poker (level 6, -13/48 HPs)
             Began as a Human Fighter on May 18, 2022.
             Mangled by an ogre
             ... wielding a +0 giant club
              (31 damage)
             ... on level 4 of the Dungeon.
             The game lasted 00:03:44 (4658 turns).

HendSelp the Poker (Human Fighter)                  Turns: 4658, Time: 00:03:45

Health: -13/48     AC:  8    Str: 18    XL:     6   Next: 63%
Magic:  6/6        EV:  9    Int:  8    God:
Gold:   168        SH:  4    Dex: 13    Spells: 5/5 levels left

rFire   . . .      SeeInvis .   a - +0 trident
rCold   . . .      Faith    .   c - +0 buckler
rNeg    . . .      Spirit   .   b - +0 scale mail
rPois   .          Reflect  .   (no helmet)
rElec   .          Harm     .   (no cloak)
rCorr   .          Rampage  .   (no gloves)
Will    .....                   l - +0 pair of boots
Stlth   ..........              (no amulet)
HPRegen 0.16/turn               q - ring of flight
MPRegen 0.10/turn               (no ring)

@: flying
A: no striking features
a: no special abilities


You were on level 4 of the Dungeon.
You visited 1 branch of the dungeon, and saw 4 of its levels.

You collected 168 gold pieces.

Inventory:

Hand Weapons
 a - a +0 trident (weapon)
Armour
 b - a +0 scale mail (worn)
 c - a +0 buckler (worn)
 l - a +0 pair of boots (worn)
Jewellery
 q - a ring of flight (left hand)
Wands
 r - a wand of paralysis (8)
Scrolls
 g - 5 scrolls of teleportation
 k - a scroll of amnesia
 o - a scroll of magic mapping
Potions
 d - 4 potions of might
 e - 2 potions of mutation
 f - a potion of flight {unknown}
 h - a potion of degeneration {unknown}
 i - a potion of resistance {unknown}
 j - 2 potions of curing
 m - 2 potions of brilliance
 n - a potion of lignification {unknown}
 p - 2 potions of invisibility {unknown}


   Skills:
 * Level 3.8 Fighting
 * Level 4.5 Polearms
 * Level 4.3 Armour
 * Level 2.0 Dodging
 - Level 3.0 Shields


You had 5 spell levels left.
You didn't know any spells.
Your spell library contained the following spells:

 Spells                   Type           Power      Damage    Failure   Level
 Conjure Flame            Conj/Fire      0%         6-21      99%         3
 Ignite Poison            Fire/Tmut/Pois 0%         N/A       99%         3
 Stone Arrow              Conj/Erth      0%         3d7       99%         3
 Animate Armour           Summ/Erth      0%         N/A       100%        4
 Sticky Flame             Conj/Fire      0%         2d3       100%        4
 Lehudib's Crystal Spear  Conj/Erth      0%         10d2      100%        8


Dungeon Overview and Level Annotations

Branches:
Dungeon (4/15)
 Temple: D:4-7

Altars:
Vehumet

Shops:
D:1 !


Message History

No target in view!
No target in view!
No target in view!
No target in view!
No target in view!
No target in view!
You see here a +0 pair of boots.
You see here a +0 pair of boots.
l - a +0 pair of boots You start putting on your armour.
You continue putting on your +0 pair of boots. x4
You finish putting on your +0 pair of boots.
r - a wand of paralysis (8) No target in view!
Things that are here:
a +0 short sword; a stone You see here a +0 robe.
Things that are here:
a +0 dagger; a +0 leather armour An ogre comes into view.
It is wielding a +0 giant club.
The ogre shouts!
An ogre is nearby!
An ogre is nearby!
You reach to attack!
You puncture the ogre!
The ogre is moderately wounded.
An ogre is nearby!
You hit the ogre.
The ogre is heavily wounded.
The ogre hits you with a +0 giant club!
You hit the ogre.
The ogre is severely wounded.
The ogre hits you with a +0 giant club!!
You are too injured to fight recklessly!
You are too injured to fight recklessly!
You are too injured to fight recklessly!
You barely miss the ogre.
The ogre is severely wounded.
The ogre hits you with a +0 giant club!!
Ouch! That really hurt!
You die...

#.########.... #.#
####. #.# ### #.
#####.####.######.
#.........#.##....
#.###....).###....
#.# ######.###....
#.# #........ #@#
#.###.... #O# #.#
#.... #.#
#.###.... ..#
#.##..... .##
#.##..... #.
#.####### #. #.# #
#. #.#######
#.#......


You could see an ogre.

Vanquished Creatures
  A scorpion (D:3)
  2 jellies (D:4)
  2 iguanas (D:4)
  5 adders
  2 worms
  2 dart slugs (D:3)
  4 orcs (D:4)
  5 ball pythons
  8 endoplasms
  3 giant cockroaches
  4 goblins
  9 hobgoblins
  4 quokkas
  4 bats
  4 frilled lizards
  11 kobolds
  4 rats (D:1)
  A spectral goblin (D:1)
75 creatures vanquished.

Notes
Turn   | Place    | Note
-------+----------+-------------------------------------------
     0 | D:1      | HendSelp the Human Fighter began the quest for the Orb.
     0 | D:1      | Reached XP level 1. HP: 18/18 MP: 1/1
   134 | D:1      | Reached XP level 2. HP: 24/24 MP: 2/2
   201 | D:1      | Found a faded altar of an unknown god.
   522 | D:1      | Found Ikhlarraixt's Distillery.
   659 | D:1      | You fall into a shaft and drop 1 floor!
   684 | D:2      | Reached XP level 3. HP: 29/29 MP: 3/3
   777 | D:2      | Identified the +0 robe of Indomitability {rC+}
  1360 | D:2      | Reached skill level 1 in Dodging
  1646 | D:2      | Reached XP level 4. HP: 35/35 MP: 4/4
  2494 | D:3      | Found a radiant altar of Vehumet.
  2817 | D:3      | Reached XP level 5. HP: 41/41 MP: 5/5
  3521 | D:4      | Identified the +4 mace "Taruymao" {freeze, Stlth+}
  3559 | D:4      | Reached XP level 6. HP: 19/48 MP: 6/6
  4652 | D:4      | Noticed an ogre
  4658 | D:4      | Mangled by an ogre

Illustrated notes

Levels and vault maps discovered:
D:1:      dpeg_arrival_central, layout_basic,
          dreamdust_ecumenical_altar_drowned_temple, serial_shops, shop
D:2:      layout_loops_cross
D:3:      layout_loops_ring, nicolae_vehumet_radiance
D:4:      layout_loops_ring, gammafunk_temple_overflow_wave

Skill      XL: |  1  2  3  4  5  6 |
---------------+-------------------+-----
Dodging        | 1 2 |  2.0
Polearms       | 3 4 |  4.5
Armour         | 4 |  4.3
Fighting       | |  3.8
Shields        | |  3.0

Action                   |  1- 3 |  4- 6 || total
-------------------------+-------+-------++-------
Melee: Trident           |   109 |   174 ||   283
  Use: Scroll            |     5 |     7 ||    12
       Potion            |       |     1 ||     1
Armor: Scale mail        |    36 |    54 ||    90
Dodge: Dodged            |    39 |    51 ||    90
Block: Buckler           |    13 |    26 ||    39

Table legend: (Time is in decaauts)
 A = Elapsed time spent in this place.
 B = Non-inter-level travel time spent in this place.
 C = Inter-level travel time spent in this place.
 D = Time resting spent in this place.
 E = Time spent auto-exploring this place.
 F = Levels seen in this place.
 G = Mean time per level.
                   A        B        C        D        E       F      G
               +--------+--------+--------+--------+--------+-----+--------+
         Total |   4718 |   4616 |    102 |    259 |   3743 |   4 | 1179.5 |
       Dungeon |   4718 |   4616 |    102 |    259 |   3743 |   4 | 1179.5 |
               +--------+--------+--------+--------+--------+-----+--------+

Top non-repeatable levels by time:
     D:3: 1314 daAuts
     D:4: 1309 daAuts
     D:1: 1202 daAuts
     D:2: 892 daAuts
